 Dungeon Crawl Stone Soup version 0.22.0 (webtiles) character file.

20237 AymanAU the Carver (level 13, -5/80 HPs)
             Began as a Kobold Berserker on Oct 26, 2018.
             Was an Elder of Trog.
             Slain by a komodo dragon (21 damage)
             ... on level 12 of the Dungeon.
             The game lasted 01:16:40 (15461 turns).

AymanAU the Carver (Kobold Berserker)              Turns: 15461, Time: 01:16:40

Health: -5/80      AC:  9    Str: 14    XL:     13   Next: 10%
Magic:  16/16      EV: 21    Int: 10    God:    Trog [****..]
Gold:   484        SH:  0    Dex: 28    Spells: 12/12 levels left

rFire    . . .     SeeInvis .   a - +2 scimitar (flame)
rCold    . . .     Gourm    .   (shield restricted)
rNeg     . . .     Faith    .   (no armour)
rPois    .         Spirit   .   I - +0 helmet
rElec    .         Reflect  .   A - +1 cloak
rCorr    .         Harm     .   m - +1 pair of gloves
MR       .....     Clarity  +   (no boots)
Stlth    +++++.....             X - amulet of the acrobat
HPRegen  0.23/turn              U - +5 ring of dexterity
MPRegen  0.15/turn              K - ring of Geykil {AC+4 Dex+3 Slay+2}

@: berserk cooldown, very slightly contaminated, slowed, invisible, very slow
A: small, thin skeletal structure 1, carnivore, clarity
a: Berserk, Trog's Hand, Brothers in Arms, Renounce Religion


You were on level 12 of the Dungeon.
You worshipped Trog.
Trog was greatly pleased with you.
You were not hungry.

You visited 1 branch of the dungeon, and saw 12 of its levels.
You also visited: Ossuary.

You collected 744 gold pieces.
You spent 260 gold pieces at shops.

Inventory:

Hand Weapons
 a - a +2 scimitar of flaming (weapon)
 b - a +0 blowgun
 y - a +1 vampiric short sword
 D - a +7 dagger of distortion
Missiles
 e - 413 stones (quivered)
 L - 6 needles of sleeping
 P - 67 bolts
 V - 8 needles of frenzy
 Y - 14 poisoned needles
Armour
 k - the +0 ring mail "Rys Juag" {rElec rN+ Dex+3}
   (You found it on level 8 of the Dungeon)

   It affects your dexterity (+3).
   It insulates you from electricity.
   It protects you from negative energy.
 m - a +1 pair of gloves (worn)
 A - a +1 cloak (worn)
 I - a +0 helmet (worn)
Jewellery
 o - a +2 ring of protection
 B - an uncursed ring of fire
 E - an uncursed ring of ice
 K - the ring of Geykil (right hand) {AC+4 Dex+3 Slay+2}
   (You found it on level 5 of the Dungeon)

   [ring of protection]

   It affects your AC (+4).
   It affects your dexterity (+3).
   It affects your accuracy and damage with ranged weapons and melee attacks
   (+2).
 U - a +5 ring of dexterity (left hand)
 X - an amulet of the acrobat (around neck)
Wands
 w - a wand of polymorph (9)
 z - a wand of disintegration (16)
 F - a wand of paralysis (12)
 G - a wand of flame (31)
Scrolls
 h - 13 scrolls of identify
 l - 3 scrolls of enchant armour
 n - 6 scrolls of teleportation
 p - 3 scrolls of blinking
 q - 2 scrolls of fog
 r - 10 scrolls of remove curse
 u - a scroll of fear {unknown}
 v - 8 scrolls of magic mapping
 J - a scroll of holy word {unknown}
 M - 2 scrolls of amnesia {unknown}
 O - a scroll of silence {unknown}
 R - 2 scrolls of vulnerability {unknown}
 T - a scroll of immolation {unknown}
 Z - a scroll of enchant weapon {unknown}
Potions
 d - 8 potions of curing
 f - 2 potions of magic
 g - 2 potions of brilliance
 i - a potion of invisibility
 j - 2 potions of flight
 s - 4 potions of might
 t - 4 potions of ambrosia
 x - 6 potions of haste
 H - a potion of heal wounds
 Q - a potion of lignification
 W - a potion of resistance {unknown}
Comestibles
 c - 29 rations


   Skills:
 + Level 9.0 Fighting
 - Level 7.0(15.0) Short Blades
 - Level 13.9(14.2) Long Blades
 + Level 1.6 Armour
 + Level 6.0 Dodging
 - Level 7.0 Stealth
 - Level 4.6 Evocations


You had 12 spell levels left.
You didn't know any spells.
Your spell library contained the following spells:

 Spells                   Type           Power        Failure   Level  Hunger
 Apportation              Tloc           #.....       36%         1    ##.....
 Summon Small Mammal      Summ           #...         36%         1    ##.....
 Animate Skeleton         Necr           N/A          36%         1    ##.....
 Confusing Touch          Hex            #.....       36%         1    ##.....


Dungeon Overview and Level Annotations

Branches:
Dungeon (12/15)            Temple (0/1) D:7            Lair (0/6) D:10
    Orc (0/2) D:11

Altars:
Ashenzari
Cheibriados
Dithmenos
Fedhas
Gozag
Kikubaaqudgha
Makhleb
Nemelex Xobeh
Okawaru
Qazlal
Ru
Sif Muna
Uskayaw
Vehumet
Beogh

Shops:
D:8 !}(*   D:9 =


Innate Abilities, Weirdness & Mutations

You are small and have problems with some larger weapons.
You are carnivorous and can eat meat at any time.
You have a somewhat thin skeletal structure. (Dex +2, Stealth)
You possess an exceptional clarity of mind.


Message History

You feel your anger nearly subside.
You are no longer berserk.
You are exhausted.
You feel yourself slow down.
Blink to where?
Press: ? - help, Dir - move target cursor You are very lightly contaminated with residual magic.
As you read the scroll of blinking, it crumbles to dust.
Okay, then.
Okay, then.
Your skin crawls.
You feel resistant to hostile enchantments.
You feel somewhat more hungry.
A komodo dragon is nearby!
You feel the effects of Trog's Hand fading.
Your skin stops crawling.
You feel less resistant to hostile enchantments.
Okay, then.
You fade into invisibility!
The komodo dragon bites you!!
You die...

#........#...#.......#...........
#.####...#...#.......#.....##...#
..#......#...#..^....#......#....
..#......#...#...#####......#....
..#......#...#...#..........#....
###..#####...#...#...............
.........(...#...#...............
.........$...#...#...#...........
.........#####..@#...#...........
.........#...#..l#...########....
.........#...#...#...............
##########...#...................
....[........#...#...#...........
....)........#...#...#......#####
...))........#...#...#......# ..
.............#####...#......# ..
.............# #...#l.....# ...


You could see a komodo dragon.

Vanquished Creatures
  Rupert (D:12)
  A hydra (D:11)
  Erica (D:10)
  Harold (D:8)
  2 two-headed ogres
  Pikel (D:5)
  A deep elf mage (D:12)
  2 cyclopes
  2 ugly things
  Joseph (D:8)
  2 gargoyles
  A kobold demonologist (D:11)
  3 trolls
  Grinder (D:3)
  A hornet (D:7)
  A spriggan (D:7)
  A shadow (D:12)
  10 yaks
  Grum (D:8)
  4 vampire mosquitoes (D:11)
  Edmund (D:4)
  An acid dragon (D:9)
  2 water moccasins
  5 porcupines (D:10)
  An ice beast (D:12)
  8 orc warriors
  2 phantoms
  3 ogres
  3 wolves
  9 centaurs
  3 crocodiles
  2 elf zombies (Ossuary)
  3 big kobolds
  Blork the orc (D:6)
  4 bullfrogs
  3 scorpions
  2 howler monkeys
  8 crimson imps
  2 bullfrog zombies
  4 jellies
  2 centaur zombies
  6 hounds
  Crazy Yiuf (D:6)
  2 centaur skeletons
  9 orc priests
  A bullfrog skeleton (D:11)
  8 orc wizards
  Natasha (thrice) (D:3)
  5 iguanas
  8 worker ants
  A hound skeleton (D:7)
  4 mummies (Ossuary)
  A howler monkey zombie (D:7)
  2 worker ant zombies
  Robin (D:3)
  11 adders
  4 gnolls (D:8)
  A howler monkey skeleton (D:6)
  2 shadow imps
  A worker ant simulacrum (D:10)
  An ufetubus (D:10)
  An ooze (D:5)
  2 adder zombies (Ossuary)
  2 adder skeletons
  6 worms
  2 dart slugs
  7 leopard geckos
  45 orcs
  11 bats
  7 giant cockroaches
  A gnoll zombie (Ossuary)
  17 goblins
  11 hobgoblins
  8 jackals
  3 quokkas
  5 ball pythons
  6 frilled lizards
  A hobgoblin zombie (Ossuary)
  3 jackal zombies
  17 kobolds
  A kobold zombie (Ossuary)
  2 leopard gecko skeletons (D:5)
  2 orc zombies (Ossuary)
  A quokka skeleton (D:5)
  A quokka zombie (D:8)
  10 rats
  A rat zombie (Ossuary)
352 creatures vanquished.

Vanquished Creatures (collateral kills)
  An orc knight (D:10)
  A kobold demonologist (D:11)
  4 vampire mosquitoes (D:10)
  A black bear (D:10)
  A wyvern skeleton (D:10)
  An electric eel (D:10)
  4 kobolds (D:11)
13 creatures vanquished.

Vanquished Creatures (others)
  A centaur skeleton (D:10)
  A wraith (D:11)
  A scorpion (D:10)
  An orc priest (D:11)
  An orc wizard (D:5)
  An orc (D:11)
  A kobold (D:7)
  10 fungi (D:10)
  A plant (D:10)
18 creatures vanquished.

Grand Total: 383 creatures vanquished

Notes
Turn   | Place    | Note
-------+----------+-------------------------------------------
     0 | D:1      | AymanAU the Kobold Berserker began the quest for the Orb.
     0 | D:1      | Reached XP level 1. HP: 14/14 MP: 1/1
    94 | D:1      | Reached skill level 1 in Stealth
    94 | D:1      | Reached XP level 2. HP: 9/19 MP: 2/2
   647 | D:1      | Reached XP level 3. HP: 20/23 MP: 3/3
   745 | D:1      | Reached ** piety under Trog
  1203 | D:2      | Reached XP level 4. HP: 28/28 MP: 4/4
  1552 | D:2      | Reached skill level 5 in Stealth
  1725 | D:2      | Noticed an orc warrior
  1731 | D:2      | HP: 1/42 [orc warrior/halberd (17)]
  1820 | D:2      | Killed an orc warrior
  1820 | D:2      | Reached XP level 5. HP: 32/32 MP: 5/5
  2026 | D:3      | Reached XP level 6. HP: 37/37 MP: 6/6
  2114 | D:3      | Noticed Grinder
  2130 | D:3      | Killed Grinder
  2130 | D:3      | Reached XP level 7. HP: 34/41 MP: 7/7
  2264 | D:3      | Found a deep blue altar of Sif Muna.
  2302 | D:3      | Noticed Natasha
  2308 | D:3      | Killed Natasha
  2339 | D:3      | Noticed Natasha
  2489 | D:3      | Noticed Robin
  2503 | D:3      | Killed Robin
  2562 | D:3      | Killed Natasha
  2661 | D:3      | Reached *** piety under Trog
  2908 | D:3      | Noticed Natasha
  2921 | D:3      | Killed Natasha
  3040 | D:3      | Found a shadowy altar of Dithmenos.
  3040 | D:3      | Found a shattered altar of Ashenzari.
  4216 | D:4      | Reached skill level 5 in Fighting
  4240 | D:4      | Found a shattered altar of Ashenzari.
  4345 | D:4      | Found a sand-covered staircase.
  4372 | Ossuary  | Entered an ossuary
  4403 | Ossuary  | Reached XP level 8. HP: 51/51 MP: 8/8
  4825 | D:4      | Noticed Edmund
  4828 | D:4      | Killed Edmund
  4842 | D:4      | Found a radiant altar of Vehumet.
  4842 | D:4      | Found a burning altar of Makhleb.
  4846 | D:4      | Reached skill level 5 in Dodging
  5214 | D:5      | Entered Level 5 of the Dungeon
  5244 | D:5      | HP: 1/51 [centaur/arrow (10)]
  5565 | D:5      | Got a wavering iron ring
  5572 | D:5      | Received a gift from Trog
  5618 | D:5      | Reached skill level 1 in Evocations
  5878 | D:5      | Reached XP level 9. HP: 57/57 MP: 10/10
  5999 | D:5      | Noticed Pikel
  6010 | D:5      | Killed Pikel
  6082 | D:5      | Found a sacrificial altar of Ru.
  6296 | D:5      | Reached **** piety under Trog
  6421 | D:5      | Found a burning altar of Makhleb.
  6588 | D:5      | Identified the ring of Geykil {AC+4 Dex+3 Slay+2} (You found it on level 5 of the Dungeon)
  6650 | D:6      | Found a runed door.
  6751 | D:6      | Reached skill level 1 in Long Blades
  7192 | D:6      | Noticed Blork the orc
  7195 | D:6      | Killed Blork the orc
  7195 | D:6      | Reached skill level 2 in Long Blades
  7675 | D:6      | Reached skill level 3 in Long Blades
  7869 | D:6      | Found an opulent altar of Gozag.
  7869 | D:6      | Found an iron altar of Okawaru.
  7889 | D:6      | Found a snail-covered altar of Cheibriados.
  7906 | D:6      | Found a stormy altar of Qazlal.
  8002 | D:6      | Found a hide-covered altar of Uskayaw.
  8136 | D:6      | Noticed Crazy Yiuf
  8140 | D:6      | Killed Crazy Yiuf
  8377 | D:7      | Reached skill level 4 in Long Blades
  8377 | D:7      | Reached XP level 10. HP: 66/66 MP: 13/13
  8609 | D:7      | Reached skill level 5 in Long Blades
  8845 | D:7      | Gained mutation: You possess an exceptional clarity of mind. [potion of mutation]
  8845 | D:7      | Gained mutation: You have a somewhat thin skeletal structure. (Dex +2, Stealth) [potion of mutation]
  9368 | D:7      | Reached skill level 6 in Long Blades
  9492 | D:7      | Found a staircase to the Ecumenical Temple.
  9591 | D:7      | Reached ***** piety under Trog
  9875 | D:8      | Found Xuv Adgha's Assorted Antiques.
  9905 | D:8      | Noticed Grum
 10134 | D:8      | Reached skill level 7 in Long Blades
 10135 | D:8      | Found Huaph's Gadget Emporium.
 10153 | D:8      | Killed Grum
 10167 | D:8      | Noticed Harold
 10292 | D:8      | Found Daqaunif's Distillery.
 10295 | D:8      | Got a warped ring mail
 10296 | D:8      | Found Egod's Weapon Boutique.
 10342 | D:8      | Noticed a two-headed ogre
 10354 | D:8      | Killed a two-headed ogre
 10354 | D:8      | Reached skill level 8 in Long Blades
 10413 | D:8      | Identified the cursed +0 ring mail "Rys Juag" {rElec rN+ Dex+3} (You found it on level 8 of the Dungeon)
 10537 | D:8      | Reached XP level 11. HP: 71/71 MP: 14/14
 10579 | D:8      | Noticed Joseph
 10581 | D:8      | Killed Joseph
 10652 | D:8      | Found a blossoming altar of Fedhas.
 10653 | D:8      | Found an ancient bone altar of Kikubaaqudgha.
 10711 | D:8      | Reached skill level 9 in Long Blades
 10762 | D:8      | Found a sparkling altar of Nemelex Xobeh.
 10969 | D:8      | Killed Harold
 11036 | D:8      | Bought a potion of curing for 30 gold pieces
 11036 | D:8      | Bought a potion of invisibility for 80 gold pieces
 11036 | D:8      | Bought a potion of heal wounds for 50 gold pieces
 11036 | D:8      | Bought a potion of heal wounds for 50 gold pieces
 11036 | D:8      | Bought a potion of heal wounds for 50 gold pieces
 11134 | D:9      | Noticed a red ugly thing
 11143 | D:9      | Killed a red ugly thing
 11143 | D:9      | Reached skill level 10 in Long Blades
 11148 | D:9      | Found Bots's Jewellery Boutique.
 11503 | D:9      | Received a gift from Trog
 11973 | D:10     | Entered Level 10 of the Dungeon
 11976 | D:10     | Noticed Erica
 11983 | D:10     | Killed Erica
 12279 | D:10     | Reached skill level 11 in Long Blades
 12344 | D:10     | Found a staircase to the Lair.
 12896 | D:11     | Found a roughly hewn altar of Beogh.
 12935 | D:11     | Reached XP level 12. HP: 75/76 MP: 15/15
 13027 | D:11     | Noticed a five-headed hydra
 13038 | D:11     | Found a staircase to the Orcish Mines.
 13223 | D:11     | HP: 5/114 [orc knight/battleaxe (19)]
 13246 | D:10     | HP: 1/76 [orc knight/battleaxe (8)]
 13723 | D:11     | Killed a ten-headed hydra
 13723 | D:11     | Reached skill level 12 in Long Blades
 14826 | D:12     | Reached skill level 13 in Long Blades
 14898 | D:12     | Noticed a two-headed ogre
 14913 | D:12     | Killed a two-headed ogre
 15418 | D:12     | Noticed Rupert
 15443 | D:12     | Killed Rupert
 15443 | D:12     | Reached XP level 13. HP: 18/80 MP: 16/16
 15447 | D:12     | HP: 2/120 [komodo dragon (19)]
 15461 | D:12     | Slain by a komodo dragon

Skill      XL: |  1  2  3  4  5  6  7  8  9 10 11 12 |
---------------+-------------------------------------+-----
Stealth        | 1 3 4 7 |  7.0
Short Blades   | 7 |  7.0
Fighting       | 6 7 9 |  9.0
Dodging        | 6 |  6.0
Evocations     | 2 4 |  4.6
Long Blades    | 4 8 11 13 | 13.9
Armour         | |  1.6

Action                   |  1- 3 |  4- 6 |  7- 9 | 10-12 | 13-15 || total
-------------------------+-------+-------+-------+-------+-------++-------
Melee: Short sword       |   110 |    83 |   129 |       |       ||   322
       Dagger            |       |       |   363 |   533 |       ||   896
       Scimitar          |       |       |       |   173 |     4 ||   177
 Fire: Blowgun           |       |       |       |     9 |       ||     9
Throw: Stone             |     4 |     4 |    36 |    39 |       ||    83
Invok: Berserk           |     3 |     4 |    18 |    32 |       ||    57
       Trog's Hand       |       |     1 |     2 |    10 |     1 ||    14
       Brothers in Arms  |       |       |       |     4 |       ||     4
  Use: Scroll            |       |       |     8 |     6 |     1 ||    15
       Potion            |       |       |       |    14 |     1 ||    15
 Stab: Sleeping          |     6 |    10 |    18 |    24 |       ||    58
       Distracted        |       |       |     1 |     5 |       ||     6
  Eat: Chunk             |    12 |     7 |    34 |    56 |       ||   109
Armor: Animal skin       |    19 |    12 |    10 |       |       ||    41
       Robe              |       |       |    50 |    41 |       ||    91
       Ring mail         |       |       |       |    24 |       ||    24
       Skin              |       |       |       |    46 |       ||    46
Dodge: Dodged            |   102 |    74 |   342 |   494 |     1 ||  1013
       Rpst.: Scimitar   |       |       |       |    37 |       ||    37
